 Dungeon Crawl Stone Soup version 0.25-a0-21-ga5a8db46c7 (webtiles) character file.

Game seed: 16131635371842186364, levelgen mode: deterministic

17 Briareos2 the Firebug (level 2, -3/20 HPs)
             Began as a Draconian Fire Elementalist on Oct 16, 2019.
             Slain by a worm (5 damage)
             ... on level 2 of the Dungeon.
             The game lasted 00:03:33 (570 turns).

Briareos2 the Firebug (Draconian Fire Elementalist)  Turns: 570, Time: 00:03:33

Health: -3/20      AC:  4    Str: 10    XL:     2   Next: 44%
Magic:  0/5        EV: 12    Int: 15    God:
Gold:   23         SH:  0    Dex: 11    Spells: 2/5 levels left

rFire    . . .     SeeInvis .   a - +0 dagger
rCold    . . .     Gourm    .   (no shield)
rNeg     . . .     Faith    .   (armour unavailable)
rPois    .         Spirit   .   (helmet restricted)
rElec    .         Reflect  .   (no cloak)
rCorr    .         Harm     .   (no gloves)
MR       .....                  (no boots)
Stlth    ++........             (no amulet)
HPRegen  0.06/turn              (no ring)
MPRegen  0.09/turn              (no ring)

@: no status effects
A: unfitting armour, cold-blooded, AC +4
a: no special abilities


You were on level 2 of the Dungeon.
You were not hungry.

You visited 1 branch of the dungeon, and saw 2 of its levels.

You collected 23 gold pieces.

Inventory:

Hand Weapons
 a - a +0 dagger (weapon)
 c - a +0 hunting sling
 h - a +0 dagger
 i - a +0 mace
Missiles
 e - 10 stones (quivered)
Armour
 f - a +0 leather armour
Potions
 d - a potion of agility {unknown}
Comestibles
 b - a ration
 g - a chunk of flesh


   Skills:
 + Level 1.8 Dodging
 + Level 2.0 Stealth
 + Level 2.1 Spellcasting
 + Level 1.1 Conjurations
 + Level 3.5 Fire Magic


You had 2 spell levels left.
You knew the following spells:

 Your Spells              Type           Power        Failure   Level  Hunger
a - Flame Tongue          Conj/Fire      #....        9%          1    #......
b - Throw Flame           Conj/Fire      #.....       13%         2    ###....

Your spell library contained the following spells:

 Spells                   Type           Power        Failure   Level  Hunger
 Conjure Flame            Conj/Fire      #.......     26%         3    ###....
 Inner Flame              Hex/Fire       #.......     32%         3    ###....
 Sticky Flame             Conj/Fire      #.......     63%         4    #####..
 Fireball                 Conj/Fire      #.........   93%         5    ######.


Dungeon Overview and Level Annotations

Branches:
Dungeon (2/15)

Altars:


Innate Abilities, Weirdness & Mutations

Your plain brown scales are hard. (AC +4)
You cannot fit into any form of body armour.
You are cold-blooded and may be slowed by cold attacks.


Message History

You kill the giant cockroach!
You barely miss the worm. You hit the worm but do no damage.
The worm bites you.
You hit the worm. You tail-slap the worm.
The worm is moderately wounded.
The worm bites you.
You hit the worm but do no damage.
The worm is moderately wounded.
Casting: Flame Tongue (safe; 9% risk of failure)
Confirm with . or Enter, or press ? or * to list all spells.
Aiming: Flame Tongue (safe; 9% risk of failure)
Press: ? - help, Shift-Dir - straight line, f - worm
Aim: a worm (moderately wounded)
The flame tongue misses the worm.
The worm bites you!
* * * LOW HITPOINT WARNING * * *
You hit the worm but do no damage.
The worm is lightly wounded.
There is a stone staircase leading up here.
The worm bites you.
You die...

# # .#
#.####.#####
#.#.#........#
#....@w......#
#.#.#.#......#
# #..#.....#
..###.....
#.## #.#.# ##
.# # #


You could see a worm.

Vanquished Creatures
  A dart slug (D:1)
  A giant cockroach (D:2)
  5 goblins (D:1)
  A hobgoblin (D:1)
  2 ball pythons (D:1)
  A bat (D:1)
  A kobold (D:1)
  4 rats (D:1)
16 creatures vanquished.

Notes
Turn   | Place    | Note
-------+----------+-------------------------------------------
     0 | D:1      | Briareos2 the Draconian Fire Elementalist began the quest
                  | for the Orb.
     0 | D:1      | Reached XP level 1. HP: 14/14 MP: 3/3
    82 | D:1      | Reached XP level 2. HP: 20/20 MP: 1/5
   184 | D:1      | Learned a level 2 spell: Throw Flame
   570 | D:2      | Slain by a worm

Levels and vault maps discovered:
D:1:      dpeg_arrival_stonehenge_12_columns, layout_basic
D:2:      layout_loops_corners

Skill      XL: |  1  2 |
---------------+-------+-----
Stealth        | 2 |  2.0
Dodging        | |  1.8
Spellcasting   | |  2.1
Conjurations   | |  1.1
Fire Magic     | |  3.5

Action                   || total
-------------------------++-------
Melee: Dagger            ||    15
       Tailslap          ||     3
 Cast: Flame Tongue      ||    17
       Throw Flame       ||     7
  Use: Scroll            ||     1
Armor: Skin              ||     1
Dodge: Dodged            ||     6

Table legend:
 A = Non-vault XP
 B = Vault XP
 C = Vault XP percentage of total XP
 D = Non-vault monster count
 E = Vault monster count
 F = Vault count percentage of total count
                 A         B        C        D         E       F
            +---------+---------+-------+---------+---------+-------
      Total |      25 |       0 |   0.0 |      16 |       0 |   0.0
            +---------+---------+-------+---------+---------+-------
        D:1 |      23 |       0 |   0.0 |      15 |       0 |   0.0
        D:2 |       2 |       0 |   0.0 |       1 |       0 |   0.0
            +---------+---------+-------+---------+---------+-------
